 Dungeon Sprint DCSS version 0.30-a0-1124-g6e8f0f562f (webtiles) character file.

Game seed: 15627992359170407506

5600000 PLAYERX the Axe Maniac (level 24, -41/181 HPs)
             Began as a Gargoyle Gladiator on Apr 23, 2023.
             Was the Champion of Makhleb.
             Annihilated by The Servant
             ... wielding a +9 glaive of flaming
              (66 damage)
             ... in the Dungeon (Sprint VIII: "Arena of Blood").
             The game lasted 00:04:05 (56 turns).

PLAYERX the Axe Maniac (Gargoyle Gladiator)           Turns: 56, Time: 00:04:05

Health: -41/181    AC: 27    Str: 27    XL:     24   Next: 92%
Magic:  23/42      EV: 22    Int: 12    God:    Makhleb [******]
Gold:   0          SH:  0    Dex: 11    Spells: 54/54 levels left

rFire   . . .        l - +∞ Axe of Woe
rCold   . . .        (shield currently unavailable)
rNeg    + . .        b - +0 leather armour
rPois   ∞            c - +0 helmet
rElec   +            (no cloak)
rCorr   .            (no gloves)
SInv    .            (no boots)
Will    +....        (no amulet)
Stlth   +++++++      (no ring)
HPRegen 0.50/turn    (no ring)
MPRegen 0.28/turn

%: no teleportation
@: flying
A: sickness immunity, AC +18, big wings, negative energy resistance 1,
electricity resistance, torment resistance 1, petrification resistance
a: Renounce Religion, Minor Destruction, Lesser Servant of Makhleb, Major
Destruction, Greater Servant of Makhleb


You were in the Dungeon.
You worshipped Makhleb.
Makhleb was exalted by your worship.
You visited 1 branch

Inventory:

Hand Weapons
 a - a +0 war axe
 l - the +∞ Axe of Woe (weapon)
   (You found it in the Dungeon)
Missiles
 d - 3 throwing nets (quivered)
 e - a javelin
Armour
 b - a +0 leather armour (worn)
 c - a +0 helmet (worn)
Scrolls
 k - a scroll of blinking
Potions
 f - a potion of curing
 g - a potion of heal wounds
 h - a potion of haste
 i - 2 potions of magic
 j - a potion of berserk rage


   Skills:
 O Level 27 Fighting
 + Level 15.8(18.4) Short Blades
 + Level 15.7(18.4) Long Blades
 O Level 27 Axes
 + Level 17.1(26.7) Maces & Flails
 + Level 15.8(24.7) Polearms
 + Level 17.1(22.2) Staves
 + Level 17.1 Ranged Weapons
 O Level 27 Throwing
 O Level 27 Armour
 O Level 27 Dodging
 + Level 20.0 Stealth
 + Level 18.5 Shields
 + Level 17.1 Unarmed Combat
 + Level 15.7 Spellcasting
 + Level 18.5 Conjurations
 + Level 17.5 Hexes
 + Level 15.7 Summonings
 + Level 14.5 Necromancy
 + Level 15.7 Translocations
 + Level 14.5 Transmutations
 + Level 18.9 Fire Magic
 + Level 18.9 Ice Magic
 + Level 16.1 Air Magic
 + Level 22.1 Earth Magic
 + Level 18.9 Poison Magic
 + Level 20.4 Invocations
 + Level 17.5 Evocations


You had 54 spell levels left.
You didn't know any spells.
Your spell library was empty.

Dungeon Overview and Level Annotations

Branches:
Dungeon (1/1)

Altars:
Makhleb

Annotations:
D The Servant


Innate Abilities, Weirdness & Mutations

You are immune to sickness and miasma.
Your stone body is resilient. (AC +18)
You are immune to poison.
Your large and strong wings let you fly.
You resist negative energy. (rN+)
You are resistant to electric shocks. (rElec)
You are resistant to unholy torment.
You are immune to petrification.


Message History

The meat berserker appears out of thin air!
A meat berserker comes into view. It is wielding a +9 battleaxe. x2
You hear a shout! x5
The destroyer casts a spell at you.
The destroyer blinks!
You hear a shout! x2
The Servant hits you from afar with a +9 glaive of flaming!!!!
The Servant burns you.
* * * LOW HITPOINT WARNING * * *
The tyrant mumbles some strange words.
The tyrant seems to speed up.
You hear a shout! x2
Your base Maces & Flails skill increases to level 17!
Your base Staves skill increases to level 17!
Your Ranged Weapons skill increases to level 17!
Your Stealth skill increases to level 20!
Your Unarmed Combat skill increases to level 17!
Your Air Magic skill increases to level 16!
Your Earth Magic skill increases to level 22!
Unknown command.
Unknown command.
Aiming: Major Destruction (0% risk of failure)
Press: ? - help, Shift-Dir - straight line The bolt of lightning hits The Servant!!!!
The Servant is lightly wounded.
The bolt of lightning hits the bag of meat!!
The bag of meat is lightly wounded.
The bolt of lightning hits the bag of meat!!!
The bag of meat is lightly wounded.
You hear a shout! x2
The tyrant gestures wildly while chanting.
You hear a shout!
The bag of meat is engulfed in blazing flames.
The bag of meat hits you with a +9 war axe!!
* * * LOW HITPOINT WARNING * * *
You hear a shout! x5
A bag of meat comes into view. It is wielding a +9 war axe.
You hear a shout!
The Servant hits you from afar with a +9 glaive of flaming!!!
You die...

......#.... #.......#
ooo.#......###.......##
§O.§............###....
O.O...)#...)...._.....
..o..#.X))..)#.....#..
###oo§.)LXX).#_.<._#
.##...@#)°))...#.....#
#....oO☼§#)......._.....
#......@V§.......###....
......ooV...###.... ..##
..............#.......#
..............#..... .#
.....#............. ..
....#.#.#.......
.....#.#........ #...# #
#.......


You could see a tyrant (fast), The Servant, 2 destroyers, 3 large abominations,
3 meat berserkers and 9 bags of meat.

Vanquished Creatures
  8 vampire knights (D)
  17 ogres (D)
  4 two-headed ogres (D)
  30 orcs (D)
  7 skeletal warriors (D)
66 creatures vanquished.

Notes
Turn   | Place    | Note
-------+----------+-------------------------------------------
     0 | D        | Found the +∞ Axe of Woe
     0 | D        | PLAYERX the Gargoyle Gladiator began the quest for the Orb.
     0 | D        | Reached XP level 1. HP: 12/12 MP: 1/1
     3 | D        | Noticed a bag of meat
     4 | D        | Became a worshipper of Makhleb the Destroyer
     6 | D        | Noticed a meat berserker
     7 | D        | Noticed a bag of meat
     7 | D        | Noticed a meat berserker
    11 | D        | Killed a bag of meat
    11 | D        | Noticed a bag of meat
    11 | D        | Noticed a bag of meat
    12 | D        | Reached skill level 10 in Fighting
    12 | D        | Reached skill level 15 in Axes
    12 | D        | Reached XP level 2. HP: 28/28 MP: 2/2
    12 | D        | Reached XP level 3. HP: 32/32 MP: 3/3
    12 | D        | Reached XP level 4. HP: 37/37 MP: 4/4
    12 | D        | Reached XP level 5. HP: 42/42 MP: 5/5
    12 | D        | Reached XP level 6. HP: 48/48 MP: 6/6
    12 | D        | Reached XP level 7. HP: 52/52 MP: 7/7
    12 | D        | Reached XP level 8. HP: 57/57 MP: 8/8
    12 | D        | Reached XP level 9. HP: 62/62 MP: 9/9
    12 | D        | Reached XP level 10. HP: 68/68 MP: 10/10
    12 | D        | Reached XP level 11. HP: 72/72 MP: 11/11
    12 | D        | Killed a meat berserker
    12 | D        | Reached * piety under Makhleb
    12 | D        | Killed a bag of meat
    13 | D        | Reached skill level 10 in Throwing
    13 | D        | Reached XP level 12. HP: 84/84 MP: 12/12
    13 | D        | Reached XP level 13. HP: 88/88 MP: 13/13
    13 | D        | Killed a meat berserker
    13 | D        | Noticed a bag of meat
    13 | D        | Noticed a bag of meat
    14 | D        | Gained mutation: Your large and strong wings let you fly.
                  | [Gargoyle growth]
    14 | D        | Reached XP level 14. HP: 96/96 MP: 14/14
    14 | D        | Noticed a meat berserker
    15 | D        | Noticed a meat berserker
    16 | D        | Noticed a meat berserker
    17 | D        | Noticed a bag of meat
    18 | D        | Killed a bag of meat
    18 | D        | Reached ** piety under Makhleb
    18 | D        | Noticed a meat berserker
    18 | D        | Noticed a meat berserker
    18 | D        | Noticed a meat berserker
    19 | D        | Reached skill level 15 in Fighting
    19 | D        | Killed a meat berserker
    19 | D        | Noticed a destroyer
    19 | D        | Noticed a meat berserker
    20 | D        | Reached XP level 15. HP: 104/104 MP: 15/15
    20 | D        | Noticed a meat berserker
    21 | D        | Noticed a large bag of meat
    21 | D        | Noticed a large bag of meat
    22 | D        | Killed a meat berserker
    22 | D        | Reached *** piety under Makhleb
    23 | D        | Reached skill level 27 in Axes
    23 | D        | Reached XP level 16. HP: 116/116 MP: 16/16
    23 | D        | Killed a meat berserker
    23 | D        | Reached **** piety under Makhleb
    23 | D        | Noticed a large bag of meat
    24 | D        | Reached skill level 15 in Throwing
    24 | D        | Killed a meat berserker
    25 | D        | Reached skill level 27 in Dodging
    25 | D        | Reached XP level 17. HP: 131/131 MP: 17/17
    25 | D        | Killed a meat berserker
    25 | D        | Killed a meat berserker
    25 | D        | Reached ***** piety under Makhleb
    26 | D        | Reached skill level 27 in Fighting
    26 | D        | Killed a meat berserker
    26 | D        | Noticed a large bag of meat
    26 | D        | Noticed a meat berserker
    27 | D        | Reached skill level 10 in Armour
    27 | D        | Noticed a meat berserker
    28 | D        | Noticed a meat berserker
    28 | D        | Killed a large bag of meat
    29 | D        | Reached XP level 18. HP: 115/145 MP: 18/18
    30 | D        | Killed a meat berserker
    31 | D        | Reached skill level 27 in Throwing
    31 | D        | Killed a large bag of meat
    31 | D        | Reached ****** piety under Makhleb
    31 | D        | Noticed a destroyer
    32 | D        | Reached skill level 27 in Armour
    32 | D        | Reached XP level 19. HP: 103/151 MP: 19/19
    32 | D        | Noticed a sculptor of flesh
    32 | D        | Noticed a destroyer
    33 | D        | Killed a destroyer
    33 | D        | Killed a sculptor of flesh
    33 | D        | Noticed a sculptor of flesh
    34 | D        | Reached skill level 5 in Short Blades
    34 | D        | Reached skill level 5 in Long Blades
    34 | D        | Reached skill level 5 in Maces & Flails
    34 | D        | Reached skill level 5 in Polearms
    34 | D        | Reached skill level 5 in Staves
    34 | D        | Reached skill level 5 in Ranged Weapons
    34 | D        | Reached skill level 5 in Unarmed Combat
    34 | D        | Reached skill level 5 in Spellcasting
    34 | D        | Reached skill level 5 in Hexes
    34 | D        | Reached skill level 5 in Summonings
    34 | D        | Reached skill level 5 in Translocations
    34 | D        | Reached skill level 5 in Air Magic
    34 | D        | Reached skill level 5 in Evocations
    34 | D        | Noticed a sculptor of flesh
    34 | D        | Killed a meat berserker
    35 | D        | Reached skill level 5 in Necromancy
    35 | D        | Reached skill level 5 in Transmutations
    35 | D        | Reached XP level 20. HP: 157/157 MP: 19/28
    35 | D        | Killed a destroyer
    35 | D        | Noticed a meat berserker
    35 | D        | Noticed a destroyer
    36 | D        | Killed a meat berserker
    36 | D        | Killed a destroyer
    36 | D        | Noticed a destroyer
    37 | D        | Reached skill level 10 in Stealth
    37 | D        | Reached skill level 10 in Fire Magic
    37 | D        | Reached skill level 10 in Ice Magic
    37 | D        | Reached skill level 10 in Poison Magic
    37 | D        | Killed a meat berserker
    37 | D        | Noticed a destroyer
    38 | D        | Reached skill level 10 in Shields
    38 | D        | Reached skill level 10 in Conjurations
    38 | D        | Reached XP level 21. HP: 163/163 MP: 19/33
    38 | D        | Noticed a meat berserker
    38 | D        | Noticed a destroyer
    39 | D        | Reached skill level 10 in Hexes
    39 | D        | Reached skill level 10 in Evocations
    39 | D        | Noticed a meat berserker
    40 | D        | Reached skill level 10 in Maces & Flails
    40 | D        | Reached skill level 10 in Staves
    40 | D        | Reached skill level 10 in Ranged Weapons
    40 | D        | Reached skill level 10 in Unarmed Combat
    40 | D        | Killed a large bag of meat
    40 | D        | Killed a destroyer
    40 | D        | Noticed The Servant
    41 | D        | Reached skill level 10 in Short Blades
    41 | D        | Reached skill level 10 in Long Blades
    41 | D        | Reached skill level 10 in Polearms
    41 | D        | Reached skill level 10 in Spellcasting
    41 | D        | Reached skill level 10 in Summonings
    41 | D        | Reached skill level 10 in Translocations
    41 | D        | Reached skill level 10 in Air Magic
    41 | D        | Killed a meat berserker
    42 | D        | Reached skill level 15 in Earth Magic
    42 | D        | Reached XP level 22. HP: 148/169 MP: 20/36
    42 | D        | Noticed a destroyer
    42 | D        | Killed a destroyer
    43 | D        | Reached skill level 10 in Necromancy
    43 | D        | Reached skill level 10 in Transmutations
    43 | D        | Noticed a destroyer
    45 | D        | Reached skill level 15 in Stealth
    45 | D        | Reached skill level 15 in Invocations
    46 | D        | Killed a destroyer
    46 | D        | Killed a large bag of meat
    47 | D        | Reached skill level 15 in Shields
    47 | D        | Reached skill level 15 in Conjurations
    47 | D        | Reached skill level 15 in Fire Magic
    47 | D        | Reached skill level 15 in Ice Magic
    47 | D        | Reached skill level 15 in Poison Magic
    47 | D        | Reached XP level 23. HP: 152/175 MP: 21/40
    47 | D        | Killed a destroyer
    48 | D        | Reached skill level 15 in Maces & Flails
    48 | D        | Reached skill level 15 in Staves
    48 | D        | Reached skill level 15 in Ranged Weapons
    48 | D        | Reached skill level 15 in Unarmed Combat
    48 | D        | Reached skill level 15 in Hexes
    48 | D        | Reached skill level 15 in Evocations
    48 | D        | Noticed a destroyer
    50 | D        | Noticed a large bag of meat
    51 | D        | Reached XP level 24. HP: 165/181 MP: 21/41
    51 | D        | Killed a destroyer
    52 | D        | Reached skill level 15 in Short Blades
    52 | D        | Reached skill level 15 in Long Blades
    52 | D        | Reached skill level 15 in Polearms
    52 | D        | Reached skill level 15 in Spellcasting
    52 | D        | Reached skill level 15 in Summonings
    52 | D        | Reached skill level 15 in Translocations
    52 | D        | Reached skill level 15 in Air Magic
    52 | D        | Noticed a tyrant
    56 | D        | Annihilated by The Servant

Illustrated notes

Levels and vault maps discovered:
D:        meatsprint

Skill      XL: |  1  2  3  4  5  6  7  8  9 10 11 12 13 14 15 16 17 18 19 20 21 22 23 24 |
---------------+-------------------------------------------------------------------------+-----
Fighting       | 10 13 14 15 18 23 27 | 27.0
Axes           | 15 20 22 24 27 | 27.0
Throwing       | 7 10 11 12 14 17 26 27 | 27.0
Dodging        | 14 18 19 21 24 27 | 27.0
Armour         | 12 27 | 27.0
Short Blades   | 5 8 10 13 14 15 | 15.8
Long Blades    | 5 8 10 13 14 15 | 15.7
Maces & Flails | 6 9 11 14 15 17 | 17.1
Polearms       | 5 8 10 13 14 15 | 15.8
Staves         | 6 9 11 14 15 17 | 17.1
Ranged Weapons | 6 9 11 14 15 17 | 17.1
Stealth        | 7 11 13 16 18 20 | 20.0
Shields        | 7 10 12 15 16 18 | 18.5
Unarmed Combat | 6 9 11 14 15 17 | 17.1
Spellcasting   | 5 8 10 13 14 15 | 15.7
Conjurations   | 7 10 12 15 16 18 | 18.5
Hexes          | 6 9 12 14 16 17 | 17.5
Summonings     | 5 8 10 13 14 15 | 15.7
Necromancy     | 5 8 9 12 13 14 | 14.5
Translocations | 5 8 10 13 14 15 | 15.7
Transmutations | 5 8 9 12 13 14 | 14.5
Fire Magic     | 7 10 13 15 17 18 | 18.9
Ice Magic      | 7 10 13 15 17 18 | 18.9
Air Magic      | 6 9 11 13 14 16 | 16.1
Earth Magic    | 8 12 15 18 20 22 | 22.1
Poison Magic   | 7 10 13 15 17 18 | 18.9
Invocations    | 7 11 14 17 18 20 | 20.4
Evocations     | 6 9 12 14 16 17 | 17.5

Action                     |  1- 3 |  4- 6 |  7- 9 | 10-12 | 13-15 | 16-18 | 19-21 | 22-24 || total
---------------------------+-------+-------+-------+-------+-------+-------+-------+-------++-------
  Melee: Executioner's axe |     1 |       |       |     1 |     5 |     7 |     9 |    12 ||    35
 Invoke: Major Destruction |       |       |       |       |       |       |       |     1 ||     1
 Armour: Leather armour    |       |       |       |       |       |       |       |     2 ||     2
  Dodge: Dodged            |       |       |       |     1 |     1 |     1 |       |       ||     3

Table legend: (Time is in decaauts)
 A = Elapsed time spent in this place.
 B = Non-inter-level travel time spent in this place.
 C = Inter-level travel time spent in this place.
 D = Time resting spent in this place.
 E = Time spent auto-exploring this place.
 F = Levels seen in this place.
 G = Mean time per level.
                   A        B        C        D        E       F      G
               +--------+--------+--------+--------+--------+-----+--------+
         Total |     46 |     46 |      0 |      0 |      0 |   1 |   46.0 |
       Dungeon |     46 |     46 |      0 |      0 |      0 |   1 |   46.0 |
               +--------+--------+--------+--------+--------+-----+--------+

Top non-repeatable levels by time:
       D: 46 daAuts
